AoeStats
← Long John Silver

Black Forest

509154268Analyzed
4v4 RM · 6d ago on Sep 25, 2026· 13m 48s· 8 players
Game mode
Random Map
Map size
Large (8 player)
Population
200
Speed
Normal
Resources
Standard
Victory
Conquest
Starting age
Dark Age
Ending age
Imperial Age
RankedLock teamsTeams togetherTeam positionsShared explorationLock speedFull tech treeHidden civsTurbo modeCheats
Victory
Defeat
🇨🇳 Vietnamese · China
1553
+14
🇨🇳 Varangians · China
1514
+15
🇨🇿 Aztecs · Czechia
1509
+16
🇩🇪 Mongols · Germany
1490
+16
🇹🇷 Khmer · Türkiye
1551
-17
🇩🇪 Saracens · Germany
1494
-15
🇹🇷 Danes · Türkiye
1486
-15
🇩🇪 Ethiopians · Germany
1474
-14
李雾月
0:31 Loom
11:00 Feudal Age
14:59 Castle Age
13:35 Double-Bit Axe
13:47 Horse Collar
Laljia
1:22 Loom
11:47 Feudal Age
12:52 Double-Bit Axe
chenst2020
6:56 Loom
11:01 Feudal Age
11:50 Double-Bit Axe
13:10 Wheelbarrow
DetectiveYemitoShumafuk
2:42 Loom
pawnsacrifice
6:06 Loom
9:31 Feudal Age
13:47 Double-Bit Axe
Allison
11:53 Feudal Age
Kr4mer
4:48 Loom
10:56 Feudal Age
14:26 Castle Age
13:00 Double-Bit Axe
12:55 Horse Collar
Long John Silver
9:11 Feudal Age
Connection lost

Rejoining the realm…

Still unreachable

The connection could not be restored.

Session expired

The server has moved on; the page needs a fresh start.